 Dungeon Crawl Stone Soup version 0.25.0-41-g26779e291d (webtiles) character file.

Game seed: 17849205118080593606

263 funkygono the Firebug (level 5, -11/38 HPs)
             Began as a Draconian Fire Elementalist on July 10, 2020.
             Killed from afar by Ijyb (14 damage)
             ... with an iceblast
             ... on level 3 of the Dungeon.
             The game lasted 00:05:34 (2859 turns).

funkygono the Firebug (Draconian Fire Elementalist) Turns: 2859, Time: 00:05:35

Health: -11/38     AC:  6    Str: 10    XL:     5   Next: 97%
Magic:  0/10       EV: 12    Int: 17    God:
Gold:   168        SH:  0    Dex: 11    Spells: 0/10 levels left

rFire    . . .     SeeInvis +   d - +3 dagger
rCold    . . .     Gourm    .   (no shield)
rNeg     . . .     Faith    .   (armour unavailable)
rPois    .         Spirit   +   (helmet restricted)
rElec    .         Reflect  .   (no cloak)
rCorr    .         Harm     .   (no gloves)
MR       .....                  a - +0 pair of boots
Stlth    ++........             s - amulet of guardian spirit
HPRegen  0.12/turn              j - ring of see invisible
MPRegen  0.12/turn              (no ring)

@: very slightly contaminated
A: unfitting armour, cold-blooded, AC +5
a: no special abilities


You were on level 3 of the Dungeon.
You were not hungry.

You visited 1 branch of the dungeon, and saw 3 of its levels.

You collected 168 gold pieces.

Inventory:

Hand Weapons
 d - a +3 dagger (weapon)
 g - a +0 whip
Missiles
 h - 38 stones (quivered)
Armour
 a - a +0 pair of boots (worn)
Jewellery
 j - a ring of see invisible (left hand)
 s - an amulet of guardian spirit (around neck)
Scrolls
 c - a scroll of fear {unknown}
 e - 4 scrolls of identify {unknown}
 f - 2 scrolls of immolation {unknown}
 i - 2 scrolls of amnesia {unknown}
 m - a scroll of blinking {unknown}
 p - a scroll of random uselessness {unknown}
 r - 2 scrolls of teleportation {unknown}
Potions
 l - a potion of curing {unknown}
 n - a potion of flight {unknown}
 o - 2 potions of resistance {unknown}
 q - a potion of brilliance {unknown}
Comestibles
 b - 8 rations
 k - 4 chunks of flesh


   Skills:
 + Level 0.1 Fighting
 + Level 2.0 Dodging
 + Level 2.3 Stealth
 + Level 3.3 Spellcasting
 + Level 2.7 Conjurations
 + Level 4.9 Fire Magic


You couldn't memorise any spells.
You knew the following spells:

 Your Spells              Type           Power        Failure   Level  Hunger
a - Foxfire               Conj/Fire      ###.         3%          1    None
b - Sticky Flame          Conj/Fire      ###.....     34%         4    ####...
c - Fireball              Conj/Fire      ###.......   67%         5    ######.

Your spell library contained the following spells:

 Spells                   Type           Power        Failure   Level  Hunger
 Conjure Flame            Conj/Fire      ###.....     11%         3    ###....
 Inner Flame              Hex/Fire       ##......     19%         3    ###....


Dungeon Overview and Level Annotations

Branches:
Dungeon (3/15)

Altars:
Yredelemnul

Annotations:
D:3 Ijyb


Innate Abilities, Weirdness & Mutations

Your plain brown scales are hard. (AC +5)
You cannot fit into any form of body armour.
You are cold-blooded and may be slowed by cold attacks.


Message History

Confirm with . or Enter, or press ? or * to list all spells.
You conjure some foxfire!
Ijyb zaps a wand.
The mass of ice explodes!
The iceblast engulfs you! The iceblast engulfs your foxfire! x2
The foxfire hits Ijyb but does no damage.
Ijyb is lightly wounded.
The foxfire hits Ijyb!
Ijyb is heavily wounded.
Casting: Foxfire (safe; 3% risk of failure)
Confirm with . or Enter, or press ? or * to list all spells.
You conjure some foxfire!
The foxfire hits Ijyb.
Ijyb is heavily wounded.
The foxfire hits Ijyb.
Ijyb is severely wounded.
Casting: Foxfire (safe; 3% risk of failure)
Confirm with . or Enter, or press ? or * to list all spells.
You miscast Foxfire.
Nothing appears to happen.
Ijyb zaps a wand.
The mass of ice explodes!
The iceblast engulfs you!
* * * LOW HITPOINT WARNING * * *
Ijyb zaps a wand.
The mass of ice explodes!
The iceblast engulfs you!
You die...

#......)..........#..
#..##.#...........#.#
#.................# #
##.#.##........##...
#.#.##........# ##.#
#.............# .#
####.###.......#
#..÷...........#
#÷.#@##........#
#..#.##........#
#..#..#........#
#..##g#........#
#.......########
##...........#
###..#####.......
#..# ..##### #..# ..#


You could see Ijyb.

Vanquished Creatures
  Sigmund (D:3)
  Jessica (D:2)
  2 adders
  A worm (D:2)
  2 leopard geckos
  An orc (D:3)
  6 bats
  5 giant cockroaches
  4 goblins
  7 hobgoblins
  6 jackals
  A quokka (D:2)
  A ball python (D:3)
  5 frilled lizards
  5 kobolds
  8 rats
  A spectral orc (D:3)
57 creatures vanquished.

Vanquished Creatures (collateral kills)
  A rat (D:1)
1 creature vanquished.

Vanquished Creatures (others)
  148 foxfires
148 creatures vanquished.

Grand Total: 206 creatures vanquished

Notes
Turn   | Place    | Note
-------+----------+-------------------------------------------
     0 | D:1      | funkygono the Draconian Fire Elementalist began the quest
                  | for the Orb.
     0 | D:1      | Reached XP level 1. HP: 14/14 MP: 3/3
   345 | D:1      | Reached XP level 2. HP: 20/20 MP: 3/5
   371 | D:1      | You fall into a shaft and drop 1 floor!
   837 | D:2      | Reached XP level 3. HP: 25/26 MP: 2/6
  1359 | D:2      | Noticed Jessica
  1363 | D:2      | Killed Jessica
  1363 | D:2      | Reached XP level 4. HP: 33/33 MP: 4/7
  2053 | D:1      | Learned a level 4 spell: Sticky Flame
  2112 | D:3      | Reached skill level 4 in Fire Magic
  2584 | D:3      | Noticed Sigmund
  2594 | D:3      | Killed Sigmund
  2594 | D:3      | Reached XP level 5. HP: 38/38 MP: 4/10
  2666 | D:3      | Found a basalt altar of Yredelemnul.
  2682 | D:3      | Learned a level 5 spell: Fireball
  2843 | D:3      | Noticed Ijyb
  2859 | D:3      | Killed from afar by Ijyb

Illustrated notes

Levels and vault maps discovered:
D:1:      minmay_arrival_stone_box, layout_loops_ring, minmay_parallelograms
D:2:      layout_loops_ring, uniq_jessica
D:3:      minmay_chambers_of_threes, layout_loops_cross,
          yredelemnul_forgotten_temple_becter, first_ration, uniq_sigmund,
          uniq_crazy_yiuf_cottage, uniq_ijyb

Skill      XL: |  1  2  3  4 |
---------------+-------------+-----
Dodging        | 2 |  2.0
Stealth        | 2 |  2.3
Conjurations   | 2 |  2.7
Fire Magic     | 4 |  4.9
Spellcasting   | 3 |  3.3
Fighting       | |  0.1

Action                   |  1- 3 |  4- 6 || total
-------------------------+-------+-------++-------
Melee: Unarmed           |     1 |       ||     1
 Cast: Foxfire           |    57 |    50 ||   107
  Eat: Chunk             |     2 |     5 ||     7
Armor: Skin              |     8 |       ||     8
Dodge: Dodged            |    19 |     8 ||    27
